 Dungeon Crawl Stone Soup version 0.27.1 (webtiles) character file.

Game seed: 15070969829101975588

310 Rickety the Covert (level 6, 0/30 HPs)
             Began as a Spriggan Brigand on Sept 3, 2021.
             Slain by an orc (1 damage)
             ... on level 4 of the Dungeon.
             The game lasted 00:10:39 (3633 turns).

Rickety the Covert (Spriggan Brigand)               Turns: 3633, Time: 00:10:41

Health: 0/30       AC:  4    Str:  7    XL:     6   Next: 18%
Magic:  9/9        EV: 18    Int: 12    God:
Gold:   68         SH:  0    Dex: 19    Spells: 7/8 levels left

rFire    . . .     SeeInvis +   b - +1 dagger (protect)
rCold    . . .     Faith    .   (shield restricted)
rNeg     . . .     Spirit   .   m - +1 robe
rPois    .         Reflect  .   (helmet restricted)
rElec    .         Harm     .   n - +0 cloak
rCorr    .         Rampage  .   (gloves unavailable)
Will     +....                  (boots unavailable)
Stlth    ++++......             h - amulet of the acrobat
HPRegen  0.10/turn              (no ring)
MPRegen  0.11/turn              (no ring)

@: lethally poisoned (0 -> -8), very quick
A: very small, no large weapons, unfitting armour, see invisible, speed 3
a: no special abilities


You were on level 4 of the Dungeon.
You visited 1 branch of the dungeon, and saw 4 of its levels.

You collected 123 gold pieces.
You spent 55 gold pieces at shops.

Inventory:

Hand Weapons
 a - a +2 dagger
 b - a +1 dagger of protection (weapon)
 c - a +0 dagger of venom
Missiles
 e - 2 curare-tipped darts (quivered)
 l - 19 poisoned darts
 q - 2 boomerangs
Armour
 m - a +1 robe (worn)
 n - a +0 cloak (worn)
Jewellery
 h - an amulet of the acrobat (around neck)
 r - a ring of ice
Scrolls
 f - a scroll of amnesia
 o - a scroll of brand weapon {unknown}
 s - a scroll of magic mapping {unknown}
 t - a scroll of fog
Potions
 d - a potion of flight {unknown}
 i - 2 potions of lignification {unknown}
 k - a potion of ambrosia {unknown}
 p - 4 potions of curing


   Skills:
 + Level 1.9 Fighting
 + Level 3.1 Short Blades
 - Level 2.0 Throwing
 + Level 2.9 Dodging
 * Level 9.3 Stealth
 * Level 1.9 Spellcasting
 * Level 1.5 Necromancy


You had 7 spell levels left.
You knew the following spells:

 Your Spells              Type           Power      Damage    Failure   Level
a - Animate Skeleton      Necr           8%         N/A       14%         1

Your spell library contained the following spells:

 Spells                   Type           Power      Damage    Failure   Level
 Pain                     Necr           16%        1d4       14%         1
 Shock                    Conj/Air       4%         1d3       28%         1
 Vampiric Draining        Necr           2%         2d6       41%         3
 Conjure Flame            Conj/Fire      1%         6-21      63%         3
 Ignite Poison            Fire/Tmut/Pois 1%         N/A       63%         3
 Summon Guardian Golem    Hex/Summ       1%         N/A       63%         3
 Swiftness                Air            1%         N/A       63%         3
 Airstrike                Air            0%         N/A       95%         4
 Sticky Flame             Conj/Fire      1%         2d3       95%         4
 Orb of Destruction       Conj           0%         N/A       100%        7
 Spellforged Servitor     Conj/Summ      0%         N/A       100%        7


Dungeon Overview and Level Annotations

Branches:
Dungeon (4/15)
 Temple: D:4-7

Altars:
Cheibriados
Nemelex Xobeh
Uskayaw
The Shining One

Shops:
D:3 *(


Innate Abilities, Weirdness & Mutations

You are very small and have problems with some larger weapons.
You are too small for most types of armour.
You have supernaturally acute eyesight. (SInv)
You cover ground extremely quickly. (Speed+++)


Message History

You feel very sick.
The jackal skeleton bites you but does no damage.
The hobgoblin barely misses you. The orc barely misses you.
The adder closely misses you. The orc misses you.
As you read the scroll labelled KYREPH QIRIN, it crumbles to dust.
The creatures around you are filled with an inner flame!
It was a scroll of immolation.
You feel very sick. The jackal skeleton closely misses you.
The adder closely misses you.
The hobgoblin hits you but does no damage.
The orc misses you. x2; The jackal skeleton closely misses you.
As you read the scroll labelled UTIUCI BUOVOD, it crumbles to dust.
It is a scroll of enchant armour.
Really abort (and waste the scroll)?
Uppercase [Y]es or [N]o only, please.
Really abort (and waste the scroll)?
Your +0 robe glows green for a moment.
* * * LOW HITPOINT WARNING * * *
You feel very sick. The adder misses you.
The hobgoblin hits you with a +0 flail.
* * * LOW HITPOINT WARNING * * *
The orc closely misses you. The orc hits you but does no damage.
The jackal skeleton bites you but does no damage.
The adder closely misses you.
It was a potion of curing.
You feel better. The hobgoblin completely misses you.
The jackal skeleton closely misses you. The orc hits you but does no damage.
You are poisoned.
The orc misses you. The adder bites you.
* * * LOW HITPOINT WARNING * * *
Okay, then.
Okay, then.
As you read the scroll labelled DICROH JUKKUN, it crumbles to dust.
The scroll dissolves into smoke.
It was a scroll of fog.
* * * LOW HITPOINT WARNING * * *
You feel sick. The hobgoblin hits you with a +0 flail.
* * * LOW HITPOINT WARNING * * *
The jackal skeleton barely misses you. The adder misses you.
The orc hits you with a +2 dagger of venom.
You die...

##......#.###
#...........##
##.#...........
#..###.##..##.. #
#####.###..##.## #.
###.##....<##......#
#
.....§§§###...######
...<..Zg##....#
..)...S@##..).#
.....§oo##....#
.....§.§#######
........# #########


You could see an adder (inner flame), 2 orcs, a hobgoblin (inner flame) and a
jackal skeleton (inner flame).

Vanquished Creatures
  A necrophage (D:4)
  An orc priest (D:4)
  2 orc wizards (D:4)
  Terence (D:2)
  A gnoll (D:1)
  4 adders
  A shadow imp (D:3)
  A worm (D:2)
  2 dart slugs (D:3)
  6 ball pythons
  3 endoplasms
  5 giant cockroaches
  11 goblins
  9 hobgoblins
  4 quokkas
  4 bats
  2 frilled lizards
  3 kobolds
  5 rats
66 creatures vanquished.

Notes
Turn   | Place    | Note
-------+----------+-------------------------------------------
     0 | D:1      | Rickety the Spriggan Brigand began the quest for the Orb.
     0 | D:1      | Reached XP level 1. HP: 10/10 MP: 2/2
    15 | D:1      | Reached skill level 6 in Stealth
   127 | D:1      | Reached XP level 2. HP: 12/14 MP: 3/3
   384 | D:1      | Reached skill level 7 in Stealth
   683 | D:1      | Learned a level 1 spell: Animate Skeleton
   703 | D:1      | Reached XP level 3. HP: 18/18 MP: 4/4
  1149 | D:2      | Found a snail-covered altar of Cheibriados.
  1445 | D:2      | Noticed Terence
  1493 | D:2      | Killed Terence
  1494 | D:2      | Reached skill level 1 in Spellcasting
  1494 | D:2      | Reached XP level 4. HP: 23/23 MP: 6/6
  2445 | D:2      | Reached skill level 8 in Stealth
  2615 | D:3      | Found Bimaneun's Antique Weapon Shop.
  2650 | D:3      | Found a sparkling altar of Nemelex Xobeh.
  2959 | D:3      | Found Tecooc's General Store.
  2993 | D:3      | Bought a potion of heal wounds for 55 gold pieces
  3054 | D:3      | Found a glowing golden altar of the Shining One.
  3133 | D:3      | Found a hide-covered altar of Uskayaw.
  3135 | D:3      | Noticed a +0 dagger
  3136 | D:3      | Noticed a +0 hand axe
  3145 | D:3      | Reached XP level 5. HP: 26/26 MP: 7/7
  3385 | D:4      | Noticed a necrophage
  3412 | D:4      | Reached skill level 1 in Necromancy
  3443 | D:4      | Killed a necrophage
  3444 | D:4      | Reached skill level 9 in Stealth
  3622 | D:4      | Reached XP level 6. HP: 24/30 MP: 9/9
  3633 | D:4      | HP: 1/30 [hobgoblin (5)]
  3633 | D:4      | Slain by an orc

Illustrated notes

Levels and vault maps discovered:
D:1:      dpeg_arrival_rhombus, layout_rooms
D:2:      layout_loops_ring, basic_altar, minmay_goblin_kobold_house,
          uniq_terence
D:3:      kennysheep_six_static_rooms, layout_loops_ring,
          dancing_weapons_uskayaw, nicolae_tso_carved_into_rock,
          nemelex_xobeh_ov_fountains_minmay, serial_shops, shop,
          nicolae_lakefront_shop
D:4:      layout_rooms, nicolae_ossuary_entry_plus,
          chequers_serial_rivers_small_b

Skill      XL: |  1  2  3  4  5 |
---------------+----------------+-----
Stealth        | 6 7 8 9 |  9.3
Dodging        | 2 |  2.9
Spellcasting   | 1 |  1.9
Necromancy     | 1 |  1.5
Short Blades   | 3 |  3.1
Fighting       | |  1.9
Throwing       | |  2.0

Action                   |  1- 3 |  4- 6 || total
-------------------------+-------+-------++-------
Melee: Dagger            |   112 |   147 ||   259
Throw: Dart              |     9 |       ||     9
  Use: Scroll            |       |     4 ||     4
       Potion            |       |     2 ||     2
 Stab: Sleeping          |    12 |    18 ||    30
       Distracted        |     1 |       ||     1
Armor: Robe              |    29 |    31 ||    60
Dodge: Dodged            |    89 |   135 ||   224
